 Dungeon Crawl Stone Soup version 0.31-a0-1227-g0136665373 (webtiles) character file.

Game seed: 11533034794276163088

2 bmb222 the Ruffian (level 1, -3/13 HPs)
             Began as an Octopode Shapeshifter on Dec 14, 2023.
             Slain by a gnoll
             ... wielding a +0 spear
              (10 damage)
             ... on level 1 of the Dungeon.
             The game lasted 00:00:03 (48 turns).

bmb222 the Ruffian (Octopode Shapeshifter)            Turns: 48, Time: 00:00:05

Health: -3/13      AC:  1    Str: 13    XL:     1   Next: 40%
Magic:  1/1        EV: 10    Int: 12    God:
Gold:   0          SH:  0    Dex: 11    Spells: 0/0 levels left

rFire   . .          .
                       - Unarmed
rCold   . . .        (no shield)
rNeg    . . .        (helmet currently unavailable)
rPois   .            (no amulet)
rElec   .            (no ring)
rCorr   .            (no ring)
SInv    .            (no ring)
Will    .....        (no ring)
Stlth   ++           (no ring)
HPRegen 0.22/turn    (no ring)
MPRegen 0.07/turn    (no ring)
                     (no ring)

%: no passive effects
@: beast-form, constricted
A: beast (slay +1), almost no armour, amphibious, 8 rings, camouflage 1,
gelatinous body 1, (nimble swimmer 1), tentacles
a: Begin Untransformation


You were on level 1 of the Dungeon.
You were a hulking beast.
You visited 1 branch of the dungeon, and saw 1 of its levels.

Inventory:

Talismans
 b - a beast talisman
 c - a flux talisman
Potions
 a - a potion of lignification


   Skills:
 + Level 1.0 Fighting
 + Level 2.2 Dodging
 + Level 3.0 Unarmed Combat
 + Level 3.0 Shapeshifting


You couldn't memorise any spells.
You didn't know any spells.
Your spell library was empty.

Dungeon Overview and Level Annotations

Branches:
Dungeon (1/15)

Altars:


Innate Abilities, Weirdness & Mutations

You are a hulking beast.
Your limbs bulge with bestial killing power. (Slay +1)
You cannot wear most types of armour.
You are amphibious.
You can wear up to eight rings at the same time.
Your skin changes colour to match your surroundings (Stealth+).
Your rubbery body absorbs attacks. (AC +1, EV +1)
((You are camouflaged when in or above water. (Stealth+)))
You have tentacles for arms and can constrict up to eight enemies at once.


Message History

An endoplasm is nearby!
You tentacle-slap the endoplasm but do no damage.
The endoplasm is lightly wounded.
An endoplasm is nearby!
You tentacle-slap the endoplasm. You squeeze the endoplasm.
You kill the endoplasm!
HP restored. 2 jackals come into view.
A ball python comes into view.
The ball python hisses angrily.
There are monsters nearby!
The jackal barks!
You hear a shout!
A gnoll comes into view. It is wielding a +0 spear.
The jackal misses you.
There are monsters nearby!
There are monsters nearby!
You tentacle-slap the jackal. You grab the jackal.
The jackal is moderately wounded.
You constrict the jackal. The jackal bites you.
There are monsters nearby!
You tentacle-slap the jackal. You squeeze the jackal.
You kill the jackal!
There are monsters nearby!
You barely miss the jackal. Your grab misses the jackal.
The jackal barely misses you. The ball python barely misses you.
The ball python closely misses you.
The jackal bites you but does no damage.
There are monsters nearby!
You tentacle-slap the jackal. Your grab misses the jackal.
The jackal is heavily wounded.
The jackal bites you. The ball python barely misses you.
The ball python closely misses you.
You barely miss the jackal. You grab the jackal.
Your squeeze misses the jackal.
The jackal is heavily wounded.
You constrict the jackal. The jackal bites you. The ball python bites you.
The ball python grabs you. The ball python constricts you.
The gnoll hits you from afar with a +0 spear!
Ouch! That really hurt!
You die...

#.# ##.########
#.........# ##...#####.#
#.....####.####
##...#........#
#..##.###.##.#
#.#######..##.###.##.#
#....ghhS.........##.#
##########+#########.###
##...# #........
##.....# #.###....
#.......##.# #.##.
.........#.##.....
.........'........
.........#.##...#.
#........#.###.##.


You could see a gnoll, a jackal and a ball python.

Vanquished Creatures
  An endoplasm (D:1)
  A jackal (D:1)
2 creatures vanquished.

Notes
Turn   | Place    | Note
-------+----------+-------------------------------------------
     0 | D:1      | bmb222 the Octopode Shapeshifter began the quest for the
                  | Orb.
     0 | D:1      | Reached XP level 1. HP: 13/13 MP: 1/1
    48 | D:1      | Slain by a gnoll

Illustrated notes

Levels and vault maps discovered:
D:1:      dpeg_arrival_tiny_a, layout_loops_corners, serial_shops,
          nicolae_shop_peninsula, hellmonk_ecumenical_altar_heavens_door

Action                     || total
---------------------------++-------
  Melee: Unarmed           ||     8
         Constrict         ||     2
         Tentacles         ||     2
   Stab: Sleeping          ||     1
 Armour: Skin              ||     7
  Dodge: Dodged            ||     6

Table legend: (Time is in decaauts)
 A = Elapsed time spent in this place.
 B = Non-inter-level travel time spent in this place.
 C = Inter-level travel time spent in this place.
 D = Time resting spent in this place.
 E = Time spent auto-exploring this place.
 F = Levels seen in this place.
 G = Mean time per level.
                   A        B        C        D        E       F      G
               +--------+--------+--------+--------+--------+-----+--------+
         Total |     47 |     47 |      0 |      0 |     34 |   1 |   47.0 |
       Dungeon |     47 |     47 |      0 |      0 |     34 |   1 |   47.0 |
               +--------+--------+--------+--------+--------+-----+--------+

Top non-repeatable levels by time:
     D:1: 47 daAuts
